 Dungeon Crawl Stone Soup version 0.27-a0-1065-ge809cff456 (webtiles) character file.

Game seed: 18019999807965763278

53 robertstho the Magician (level 3, 0/25 HPs)
             Began as a Djinni Ice Elementalist on Apr 23, 2021.
             Slain by a gnoll
             ... wielding a +0 halberd
              (8 damage)
             ... on level 2 of the Dungeon.
             The game lasted 00:03:21 (1661 turns).

robertstho the Magician (Djinni Ice Elementalist)   Turns: 1661, Time: 00:03:21

Health: 0/25       AC:  7    Str:  7    XL:     3   Next: 89%
Gold:   73         EV: 12    Int: 17    God:
                   SH:  0    Dex: 13

rFire    + + .     SeeInvis .   d - +2 whip (venom)
rCold    x . .     Faith    .   (no shield)
rNeg     . . .     Spirit   .   a - +0 robe
rPois    ∞         Reflect  .   (no helmet)
rElec    .         Harm     .   (no cloak)
rCorr    .         Rampage  .   (no gloves)
Will     .....     Clarity  +   (boots unavailable)
Stlth    ++........             (no amulet)
HPRegen  0.08/turn              (no ring)
MPRegen  0.00/turn              (no ring)

@: ice-armoured, freezing walls, flying
A: fire resistance 2, cold vulnerability 1, float, innate caster, hp casting,
extra vitality 1, clarity, deformed body
a: no special abilities


You were on level 2 of the Dungeon.
You visited 1 branch of the dungeon, and saw 2 of its levels.

You collected 73 gold pieces.

Inventory:

Hand Weapons
 b - a +0 dagger
 d - a +2 whip of venom (weapon)
Armour
 a - a +0 robe (worn)
Scrolls
 g - a scroll of teleportation {unknown}
Potions
 e - a potion of brilliance {unknown}
 f - a potion of haste {unknown}
 h - a potion of lignification {unknown}


   Skills:
 + Level 0.2 Fighting
 + Level 0.4 Maces & Flails
 * Level 2.8 Dodging
 + Level 1.6 Stealth
 * Level 4.3 Spellcasting


You couldn't memorise any spells.
You knew the following spells:

 Your Spells              Type           Power      Damage    Failure   Level
a - Freeze                Ice            72%        1d9       2%          1
b - Frozen Ramparts       Ice            36%        1d5       8%          3
c - Ozocubu's Armour      Ice            18%        N/A       8%          3
d - Hailstorm             Conj/Ice       18%        3d6       26%         4
e - Metabolic Englaciati  Hex/Ice        9%         N/A       56%         5
f - Summon Small Mammal   Summ           72%        N/A       2%          1
Your spell library was empty.

Dungeon Overview and Level Annotations

Branches:
Dungeon (2/15)

Altars:

Shops:
D:1 *


Innate Abilities, Weirdness & Mutations

You are immune to poison.
Your flesh is very heat resistant. (rF++)
You are vulnerable to cold. (rC-)
You float through the air rather than walking.
You learn spells naturally, not from books.
Your magical power is your life essence.
You have superior vitality. (+4 HP)
You possess an exceptional clarity of mind.
Armour fits poorly on your strangely shaped body.


Message History

Anything else - Cancel.
You shout for attention!
The frozen ramparts melt away.
What are your orders? t - Shout!
Orders for allies: a - Attack new target. r - Retreat! s - Stop attacking. g - Guard the area. f - Follow me.
Anything else - Cancel.
You shout for attention!
What are your orders? t - Shout!
Orders for allies: a - Attack new target. r - Retreat! s - Stop attacking. g - Guard the area. f - Follow me.
Anything else - Cancel.
You shout for attention!
Casting: Freeze (safe; 2% risk of failure)
Confirm with . or Enter, or press ? or * to list all spells.
The spell is quite dangerous to cast (8% risk of failure)!
Continue anyway? [Y]es or [N]o only, please.
The spell is quite dangerous to cast (8% risk of failure)!
Continue anyway? [Y]es or [N]o only, please.
The spell is quite dangerous to cast (8% risk of failure)!
Continue anyway?
A film of ice covers your body!
Casting: Ozocubu's Armour (quite dangerous; 8% risk of failure)
Confirm with . or Enter, or press ? or * to list all spells.
The spell is quite dangerous to cast (8% risk of failure)!
Continue anyway?
Casting: Frozen Ramparts (quite dangerous; 8% risk of failure)
Press: ? - help, Dir - look around, f - activate The walls around you are covered in ice.
Unknown command.
The wall freezes the gnoll.
The gnoll closely misses you.
The wall freezes the gnoll.
The gnoll hits you from afar with a +0 halberd!
It was a potion of mutation.
You feel extremely strange.
Your body twists and deforms.
Your thoughts seem clearer.
The wall freezes the gnoll.
The gnoll hits you from afar with a +0 halberd!
You die...

###### #....####
#.#.....#
#.#####.###
########<....#.#<.
#@..†.##.#.....##.
#)###.##.#....>...
#.g......#.....##.
###.............#.
#.........##....).
##.##..............
#...#....#.##.##.##
#........#.##......
#...#....#.##.#.###


You could see a gnoll.

Vanquished Creatures
  2 gnolls (D:2)
  A worm (D:2)
  A dart slug (D:1)
  4 giant cockroaches
  A goblin (D:2)
  2 hobgoblins (D:1)
  4 jackals (D:2)
  2 quokkas (D:1)
  7 ball pythons
  2 kobolds (D:1)
  A rat (D:1)
27 creatures vanquished.

Notes
Turn   | Place    | Note
-------+----------+-------------------------------------------
     0 | D:1      | robertstho the Djinni Ice Elementalist began the quest for
                  | the Orb.
     0 | D:1      | Reached XP level 1. HP: 15/15 MP: 0/0
   259 | D:1      | Found Faule's General Store.
   294 | D:1      | Reached XP level 2. HP: 21/21 MP: 0/0
   317 | D:1      | Reached skill level 4 in Spellcasting
  1125 | D:2      | Reached XP level 3. HP: 21/25 MP: 0/0
  1125 | D:2      | Learned a level 1 spell: Summon Small Mammal
  1661 | D:2      | Gained mutation: Armour fits poorly on your strangely
                  | shaped body. [potion of mutation]
  1661 | D:2      | Gained mutation: You possess an exceptional clarity of
                  | mind. [potion of mutation]
  1661 | D:2      | Slain by a gnoll

Illustrated notes

Levels and vault maps discovered:
D:1:      minmay_arrival_checkered_box, layout_basic, serial_shops, shop,
          roderic_filled_cross
D:2:      minmay_roachtagon, layout_basic, uniq_terence

Skill      XL: |  1  2 |
---------------+-------+-----
Spellcasting   | 4 |  4.3
Fighting       | |  0.2
Maces & Flails | |  0.4
Dodging        | |  2.8
Stealth        | |  1.6

Action                   || total
-------------------------++-------
Melee: Whip              ||    47
       Dagger            ||     2
       Unarmed           ||     2
 Cast: Freeze            ||     9
       Frozen Ramparts   ||     2
       Ozocubu's Armour  ||     1
  Use: Potion            ||     1
 Stab: Sleeping          ||     3
Armor: Robe              ||     5
Dodge: Dodged            ||    38

Table legend: (Time is in decaauts)
 A = Elapsed time spent in this place.
 B = Non-inter-level travel time spent in this place.
 C = Inter-level travel time spent in this place.
 D = Time resting spent in this place.
 E = Time spent auto-exploring this place.
 F = Levels seen in this place.
 G = Mean time per level.
                   A        B        C        D        E       F      G
               +--------+--------+--------+--------+--------+-----+--------+
         Total |   1665 |   1619 |     46 |    223 |   1196 |   2 |  832.5 |
       Dungeon |   1665 |   1619 |     46 |    223 |   1196 |   2 |  832.5 |
               +--------+--------+--------+--------+--------+-----+--------+

Top non-repeatable levels by time:
     D:1: 1127 daAuts
     D:2: 537 daAuts
